3AA
OTTAWA NATIONALS @ BATTLE GROUND AEROS
07/21/2022
 
TOP OF THE 1ST
Ottawa Nationals batting - Pitching for Battle Ground Aeros : RHP Jim Unknown
Pitching: RHP Jim Unknown
Batting: RHB Francisco Morales 0-0: Ball
1-0: Called Strike
1-1: Foul Ball, location: 2F
1-2: Strikes out swinging
Batting: RHB Noel Wells 0-0: Ball
1-0: Called Strike
1-1: Swinging Strike
1-2: Ball
2-2: Ground out 1-3 (Groundball, 13)
Batting: RHB Rodrigo Pagán 0-0: Ball
1-0: SINGLE (Groundball, 4MD)
Batting: RHB José Icaza 0-0: Swinging Strike
0-1: Swinging Strike
0-2: Ball
1-2: Ball
Rodrigo Pagán steals 2nd base
2-2: Strikes out swinging
Top of the 1st over - 0 run(s), 1 hit(s), 0 error(s), 1 left on base; Ottawa 0 - Battle Ground 0
BOTTOM OF THE 1ST
Battle Ground Aeros batting - Pitching for Ottawa Nationals : RHP Ángelo Cabrera
Pitching: RHP Ángelo Cabrera
Batting: SHB Shawn Sánchez 0-0: Ball
1-0: Ball
2-0: Ball
3-0: Called Strike
3-1: Called Strike
3-2: Foul Ball, location: 2F
3-2: Strikes out swinging
Batting: RHB Stephen Johnson 0-0: Foul Ball, location: 2F
0-1: Foul Ball, location: 2F
0-2: Ball
1-2: Ball
2-2: Strikes out swinging
Batting: LHB Jim Unknown 0-0: SINGLE (Line Drive, 4D)
Batting: LHB Edgardo Téllez 0-0: Called Strike
0-1: Ball
1-1: Swinging Strike
1-2: Ball
2-2: Ball
3-2: Foul Ball, location: 2F
3-2: Strikes out swinging
Bottom of the 1st over - 0 run(s), 1 hit(s), 0 error(s), 1 left on base; Ottawa 0 - Battle Ground 0
TOP OF THE 2ND
Ottawa Nationals batting - Pitching for Battle Ground Aeros : RHP Jim Unknown
Batting: LHB Tony Ríos 0-0: Ground out 3-1 (Groundball, 34)
Batting: RHB Luke Turner 0-0: Foul Ball, location: 2F
0-1: Foul Ball, location: 2F
0-2: Ball
1-2: Fly out, F8 (Flyball, 78M)
Batting: LHB Jerry Burnett 0-0: Called Strike
0-1: Ball
1-1: Ball
2-1: Swinging Strike
2-2: Ball
3-2: Ground out U3 (Groundball, 3S)
Top of the 2nd over - 0 run(s), 0 hit(s), 0 error(s), 0 left on base; Ottawa 0 - Battle Ground 0
BOTTOM OF THE 2ND
Battle Ground Aeros batting - Pitching for Ottawa Nationals : RHP Ángelo Cabrera
Batting: RHB Jaime Chavarriaga 0-0: Called Strike
0-1: Ball
1-1: Foul Ball, location: 2F
1-2: Foul Ball, location: 2F
1-2: Ball
2-2: Fly out, F6 (Popup, 56D)
Batting: RHB Jim Unknown 0-0: Fly out, F7 (Flyball, 7M)
Batting: RHB Jim Unknown 0-0: Ball
1-0: Ground out 5-3 (Groundball, 56)
Bottom of the 2nd over - 0 run(s), 0 hit(s), 0 error(s), 0 left on base; Ottawa 0 - Battle Ground 0
TOP OF THE 3RD
Ottawa Nationals batting - Pitching for Battle Ground Aeros : RHP Jim Unknown
Batting: RHB Marvin Collier 0-0: Ball
1-0: Ball
2-0: Called Strike
2-1: Foul Ball, location: 2F
2-2: Strikes out looking
Batting: LHB Javier Hernández 0-0: Ball
1-0: Foul Ball, location: 2F
1-1: Ball
2-1: Foul Ball, location: 2F
2-2: Ball
3-2: Strikes out swinging
Batting: RHB Francisco Morales 0-0: Ball
1-0: Ball
2-0: Called Strike
2-1: Called Strike
2-2: Foul Ball, location: 2F
2-2: Ball
3-2: Foul Ball, location: 2F
3-2: Fly out, F5 (Popup, 5)
Top of the 3rd over - 0 run(s), 0 hit(s), 0 error(s), 0 left on base; Ottawa 0 - Battle Ground 0
BOTTOM OF THE 3RD
Battle Ground Aeros batting - Pitching for Ottawa Nationals : RHP Ángelo Cabrera
Batting: RHB Daniel Cooper 0-0: Swinging Strike
0-1: Foul Ball, location: 2F
0-2: Strikes out swinging
Batting: RHB Jim Unknown 0-0: Ball
1-0: Swinging Strike
1-1: SINGLE (Line Drive, 6MD)
Batting: SHB Shawn Sánchez 0-0: Ball
1-0: Ball
2-0: Called Strike
2-1: Ball
3-1: Swinging Strike
3-2: Base on Balls
Jim Unknown to second
Batting: RHB Stephen Johnson 0-0: Ball
1-0: Ball
2-0: Ball
3-0: Base on Balls
Jim Unknown to third
Shawn Sánchez to second
Batting: LHB Jim Unknown 0-0: Called Strike
0-1: Ball
1-1: Ball
2-1: SINGLE (Groundball, 34D)
Jim Unknown scores
Shawn Sánchez to third
Stephen Johnson to second
Runner from 3rd tries for Home, SAFE, no throw or cutoff
Batting: LHB Edgardo Téllez 0-0: Swinging Strike
0-1: Called Strike
0-2: Grounds into double play, 4-6-3 (Groundball, 4)
Bottom of the 3rd over - 2 run(s), 2 hit(s), 0 error(s), 1 left on base; Ottawa 0 - Battle Ground 2
TOP OF THE 4TH
Ottawa Nationals batting - Pitching for Battle Ground Aeros : RHP Jim Unknown
Batting: RHB Noel Wells 0-0: Ball
1-0: Ball
2-0: Swinging Strike
2-1: Foul Ball, location: 2F
2-2: Ball
3-2: Foul Ball, location: 2F
3-2: Foul Ball, location: 2F
3-2: Base on Balls
Batting: RHB Rodrigo Pagán 0-0: Called Strike
0-1: Ball
1-1: Grounds into double play, 4-6-3 (Groundball, 34)
Batting: RHB José Icaza 0-0: Ball
1-0: Called Strike
1-1: Foul Ball, location: 2F
1-2: Foul Ball, location: 2F
1-2: Fly out, F5 (Popup, 15)
Top of the 4th over - 0 run(s), 0 hit(s), 0 error(s), 0 left on base; Ottawa 0 - Battle Ground 2
BOTTOM OF THE 4TH
Battle Ground Aeros batting - Pitching for Ottawa Nationals : RHP Ángelo Cabrera
Batting: RHB Jaime Chavarriaga 0-0: Ball
1-0: Fly out, F7 (Flyball, 7LD)
Batting: RHB Jim Unknown 0-0: Ball
1-0: Ball
2-0: Ball
3-0: Called Strike
3-1: Fly out, F9 (Flyball, 89D)
Batting: RHB Jim Unknown 0-0: Ball
1-0: Fly out, F8 (Flyball, 89XD)
Bottom of the 4th over - 0 run(s), 0 hit(s), 0 error(s), 0 left on base; Ottawa 0 - Battle Ground 2
TOP OF THE 5TH
Ottawa Nationals batting - Pitching for Battle Ground Aeros : RHP Jim Unknown
Batting: LHB Tony Ríos 0-0: Swinging Strike
0-1: Ball
1-1: Foul Ball, location: 2F
1-2: Ground out 1-3 (Groundball, 13S)
Batting: RHB Luke Turner 0-0: Called Strike
0-1: Called Strike
0-2: Ball
1-2: Foul Ball, location: 2F
1-2: Ball
2-2: Foul Ball, location: 2F
2-2: Ball
3-2: Strikes out swinging
Batting: LHB Jerry Burnett 0-0: Called Strike
0-1: Called Strike
0-2: Ground out 1-3 (Groundball, 13S)
Top of the 5th over - 0 run(s), 0 hit(s), 0 error(s), 0 left on base; Ottawa 0 - Battle Ground 2
BOTTOM OF THE 5TH
Battle Ground Aeros batting - Pitching for Ottawa Nationals : RHP Ángelo Cabrera
Batting: RHB Daniel Cooper 0-0: Ball
1-0: Swinging Strike
1-1: Ball
2-1: Foul Ball, location: 2F
2-2: Ground out 6-3 (Groundball, 6)
Batting: RHB Jim Unknown 0-0: Ball
1-0: Fly out, F5 (Line Drive, 56)
Batting: SHB Shawn Sánchez 0-0: Ball
1-0: Ball
2-0: Ground out U3 (Groundball, 3S)
Bottom of the 5th over - 0 run(s), 0 hit(s), 0 error(s), 0 left on base; Ottawa 0 - Battle Ground 2
TOP OF THE 6TH
Ottawa Nationals batting - Pitching for Battle Ground Aeros : RHP Jim Unknown
Batting: RHB Marvin Collier 0-0: Swinging Strike
0-1: SINGLE (Flyball, 9M)
Batting: LHB Javier Hernández 0-0: Sac Bunt - play at first, batter OUT! 1-3
Marvin Collier to second
Batting: RHB Francisco Morales 0-0: SINGLE (Line Drive, 78S)
Marvin Collier to third
Batting: RHB Noel Wells 0-0: Called Strike
0-1: Ball
1-1: Ball
2-1: Ball
Francisco Morales steals 2nd base
3-1: Fly out, F3 (Popup, 3F)
Batting: RHB Rodrigo Pagán 0-0: Ground out 5-3 (Groundball, 56)
Top of the 6th over - 0 run(s), 2 hit(s), 0 error(s), 2 left on base; Ottawa 0 - Battle Ground 2
BOTTOM OF THE 6TH
Battle Ground Aeros batting - Pitching for Ottawa Nationals : RHP Ángelo Cabrera
Batting: RHB Stephen Johnson 0-0: Ball
1-0: Called Strike
1-1: Fly out, F4 (Popup, 4D)
Batting: LHB Jim Unknown 0-0: Fly out, F9 (Line Drive, 9M)
Batting: LHB Edgardo Téllez 0-0: Foul Ball, location: 2F
0-1: Swinging Strike
0-2: Ball
1-2: DOUBLE (Line Drive, 9LS)
Batting: RHB Jaime Chavarriaga 0-0: Called Strike
0-1: Foul Ball, location: 2F
0-2: SINGLE (Line Drive, 3)
Edgardo Téllez to third
Runner from 3rd tries for Home, SAFE, no throw or cutoff
Batting: RHB Jim Unknown 0-0: Ball
1-0: Called Strike
1-1: Fly out, F9 (Flyball, 9M)
Bottom of the 6th over - 1 run(s), 2 hit(s), 0 error(s), 1 left on base; Ottawa 0 - Battle Ground 3
TOP OF THE 7TH
Ottawa Nationals batting - Pitching for Battle Ground Aeros : RHP Jim Unknown
Batting: RHB José Icaza 0-0: Ball
1-0: Fly out, F3 (Popup, 23F)
Batting: LHB Tony Ríos 0-0: Ball
1-0: Swinging Strike
1-1: SINGLE (Groundball, 34D) (infield hit)
Batting: RHB Luke Turner 0-0: Swinging Strike
0-1: Swinging Strike
0-2: Ball
1-2: Strikes out swinging
Batting: LHB Jerry Burnett 0-0: Ball
Tony Ríos is caught stealing 2nd base
Top of the 7th over - 0 run(s), 1 hit(s), 0 error(s), 0 left on base; Ottawa 0 - Battle Ground 3
BOTTOM OF THE 7TH
Battle Ground Aeros batting - Pitching for Ottawa Nationals : RHP Ángelo Cabrera
Batting: RHB Jim Unknown 0-0: Ball
1-0: Called Strike
1-1: Ball
2-1: Ball
3-1: Fly out, F9 (Line Drive, 89M)
Batting: RHB Daniel Cooper 0-0: SINGLE (Groundball, 56D)
Batting: RHB Jim Unknown 0-0: Fly out, F8 (Flyball, 8LM)
Batting: SHB Shawn Sánchez 0-0: SINGLE (Groundball, 34D)
Daniel Cooper to second
Runner from 2nd tries for 3rd, SAFE, throw made to third
Batting: RHB Stephen Johnson 0-0: Called Strike
0-1: Ball
1-1: Fly out, F9 (Line Drive, 9M)
Bottom of the 7th over - 0 run(s), 2 hit(s), 0 error(s), 2 left on base; Ottawa 0 - Battle Ground 3
TOP OF THE 8TH
Ottawa Nationals batting - Pitching for Battle Ground Aeros : RHP Jim Unknown
Batting: LHB Jerry Burnett 0-0: Fly out, F8 (Flyball, 78D)
Batting: RHB Marvin Collier 0-0: Ball
1-0: Ball
2-0: Ball
3-0: Base on Balls
Pitching: LHP Jim Unknown
Batting: LHB Javier Hernández 0-0: Called Strike
0-1: Ground out U3 (Groundball, 3S)
Marvin Collier to second
Batting: RHB Francisco Morales 0-0: Ball
1-0: Called Strike
1-1: Ball
2-1: Called Strike
2-2: Strikes out swinging
Top of the 8th over - 0 run(s), 0 hit(s), 0 error(s), 1 left on base; Ottawa 0 - Battle Ground 3
BOTTOM OF THE 8TH
Battle Ground Aeros batting - Pitching for Ottawa Nationals : RHP Ángelo Cabrera
Batting: LHB Jim Unknown 0-0: Called Strike
0-1: Fly out, F8 (Flyball, 8LS)
Batting: LHB Edgardo Téllez 0-0: SINGLE (Line Drive, 7S)
Batting: RHB Jaime Chavarriaga 0-0: Ball
1-0: Ball
2-0: Foul Ball, location: 2F
2-1: Grounds into double play, 4-6-3 (Groundball, 4)
Bottom of the 8th over - 0 run(s), 1 hit(s), 0 error(s), 0 left on base; Ottawa 0 - Battle Ground 3
TOP OF THE 9TH
Ottawa Nationals batting - Pitching for Battle Ground Aeros : LHP Jim Unknown
Batting: RHB Noel Wells 0-0: Foul Ball, location: 2F
0-1: Reached on error, E5 (Groundball, 5)
Batting: RHB Rodrigo Pagán 0-0: SINGLE (Groundball, 4D)
Noel Wells to third
Batting: RHB José Icaza 0-0: Ball
Wild Pitch!
Noel Wells scores
Rodrigo Pagán to second
1-0: Foul Ball, location: 2F
1-1: Foul Ball, location: 2F
1-2: Ball
2-2: Strikes out looking
Pinch Hitting: RHB Dirk Davis 0-0: Swinging Strike
0-1: Ball
1-1: Swinging Strike
1-2: Ball
2-2: Strikes out swinging
Pinch Hitting: RHB Patrick Samuels 0-0: Ball
1-0: Swinging Strike
1-1: Ball
2-1: Swinging Strike
2-2: Ball
3-2: Foul Ball, location: 2F
3-2: DOUBLE (Line Drive, 9LS)
Rodrigo Pagán scores
Pinch Hitting: RHB Tim Giap 0-0: Called Strike
0-1: Foul Ball, location: 2F
0-2: Ball
1-2: Ball
2-2: Ball
3-2: Strikes out swinging
Top of the 9th over - 2 run(s), 2 hit(s), 1 error(s), 1 left on base; Ottawa 2 - Battle Ground 3
This league is powered by Out of the Park Baseball, the baseball management simulation game for PC, Mac and Linux
Friday, April 15th, 2016 - OOTP Baseball 16.9 Build 39